 Dungeon Crawl Stone Soup version 0.30.0-30-g96aa6591b8 (webtiles) character file.

Game seed: 6507021770482503760

1073 BreadTh the Tainter (level 8, 0/58 HPs)
             Began as a Merfolk Venom Mage on June 29, 2023.
             Was an Initiate of Sif Muna.
             Succumbed to a water moccasin's poison
             ... on level 5 of the Dungeon.
             The game lasted 00:21:10 (5582 turns).

BreadTh the Tainter (Merfolk Venom Mage)            Turns: 5582, Time: 00:21:10

Health: 0/58       AC:  4    Str:  8    XL:     8   Next: 29%
Magic:  9/15       EV: 13    Int: 16    God:    Sif Muna [......]
Gold:   250        SH:  0    Dex: 15    Spells: 6/16 levels left

rFire   . . .        x - +2 dagger (venom)
rCold   . . .        (no shield)
rNeg    . . .        a - +0 robe
rPois   .            B - +0 helmet
rElec   .            (no cloak)
rCorr   .            D - +0 pair of gloves
SInv    .            (no boots)
Will    .....        (no amulet)
Stlth   ++           h - ring of flight
HPRegen 0.29/turn    (no ring)
MPRegen 0.14/turn

%: no passive effects
@: lethally poisoned (0 -> -12), flying
A: (nimble swimmer 2), mertail
a: Renounce Religion


You were on level 5 of the Dungeon.
You worshipped Sif Muna.
Sif Muna was noncommittal.
You visited 2 branches of the dungeon, and saw 6 of its levels.

You collected 250 gold pieces.

Inventory:

Hand Weapons
 x - a +2 dagger of venom (weapon)
 C - a +0 heavy flail
 E - a +2 whip of freezing
 F - a +0 dagger of venom
Missiles
 e - 84 stones
 G - 6 poisoned darts
Armour
 a - a +0 robe (worn)
 w - a +0 leather armour
 B - a +0 helmet (worn)
 D - a +0 pair of gloves (worn)
Jewellery
 h - a ring of flight (left hand)
 u - a ring of fire
Wands
 v - a wand of paralysis (9)
 y - a wand of iceblast (4)
Scrolls
 c - a scroll of vulnerability {unknown}
 d - 2 scrolls of enchant weapon {unknown}
 f - a scroll of enchant armour {unknown}
 g - 2 scrolls of fog {unknown}
 k - 2 scrolls of silence {unknown}
 l - a scroll of summoning {unknown}
 m - 4 scrolls of fear {unknown}
 n - 6 scrolls of identify {unknown}
 p - a scroll of blinking {unknown}
 q - a scroll of magic mapping {unknown}
 s - a scroll of poison {unknown}
 t - a scroll of teleportation {unknown}
 A - a scroll of noise {unknown}
 H - a scroll of immolation {unknown}
 I - a scroll of brand weapon {unknown}
Potions
 b - a potion of magic
 i - a potion of brilliance {unknown}
 j - a potion of cancellation {unknown}
 o - 3 potions of flight {unknown}
 r - a potion of degeneration {unknown}
 z - a potion of lignification {unknown}


   Skills:
 - Level 3.0 Fighting
 - Level 3.0 Dodging
 - Level 3.0 Stealth
 + Level 4.9 Spellcasting
 - Level 1.3 Transmutations
 * Level 8.6 Poison Magic


You had 6 spell levels left.
You knew the following spells:

 Your Spells              Type           Power      Damage    Failure   Level
a - Sting                 Tmut/Pois      76%        1d6       1%          1
b - Poisonous Vapours     Pois/Air       34%        N/A       4%          2
c - Mephitic Cloud        Conj/Pois/Air  13%        N/A       14%         3
d - Olgreb's Toxic Radia  Pois           31%        N/A       4%          4

Your spell library contained the following spells:

 Spells                   Type           Power      Damage    Failure   Level
 Foxfire                  Conj/Fire      12%        2x1d4     16%         1
 Fireball                 Conj/Fire      1%         3d3       99%         5
 Plasma Beam              Fire/Air       1%         2x1d12    100%        6
 Starburst                Conj/Fire      1%         6d3       100%        6


Dungeon Overview and Level Annotations

Branches:
Dungeon (5/15)             Temple (1/1) D:4

Altars:
Ashenzari
Cheibriados
Elyvilon
Fedhas
Gozag
Hepliaklqana
Kikubaaqudgha
Makhleb
Nemelex Xobeh
Qazlal
Ru
Sif Muna
Trog
Uskayaw
Vehumet
Wu Jian
Yredelemnul
The Shining One


Innate Abilities, Weirdness & Mutations

((You are very nimble when in or above water. (Stealth+, EV+, Speed+++)))
Your lower body shifts to a powerful aquatic tail in water.


Message History

You begin to radiate toxic energy.
You feel very sick. The water moccasin bites you.
You are more poisoned.
The water moccasin poisons you! The water moccasin bites you!
Casting: Olgreb's Toxic Radiance (dangerous; 4% risk of failure)
Confirm with . or Enter, or press ? or * to list all spells.
Okay, then.
Casting: Olgreb's Toxic Radiance (dangerous; 4% risk of failure)
Confirm with . or Enter, or press ? or * to list all spells.
You can't see any susceptible monsters within range! (Use Z to cast anyway.)
Aiming: Sting (safe; 1% risk of failure)
Press: ? - help, Q - select action, (/) - cycle Shift-Dir - straight line, f/p - water moccasin
Aim: a water moccasin (lightly wounded, poisoned, 57% to hit)
Okay, then.
Casting: Sting (safe; 1% risk of failure)
Confirm with . or Enter, or press ? or * to list all spells.
Aiming: Poisonous Vapours (safe; 4% risk of failure)
Press: ? - help, Dir - move target, p - water moccasin
Okay, then.
Unknown command.
You miss the water moccasin.
The water moccasin is lightly wounded.
Your toxic aura wanes.
* * * LOW HITPOINT WARNING * * *
You feel very sick. The water moccasin barely misses you.
You hit the water moccasin. Your punch misses the water moccasin.
The water moccasin is lightly wounded.
* * * LOW HITPOINT WARNING * * *
You feel very sick.
The water moccasin looks more healthy.
The water moccasin bites you.
* * * LOW HITPOINT WARNING * * *
The water moccasin misses you.
Okay, then.
The water moccasin attacks as you move away!
The water moccasin misses you.
* * * LOW HITPOINT WARNING * * *
You feel very sick.
You die...

..#### #.<..#.# #.....#
###....## #.....#
###.#..... #.....###
......####.##.......
.#..### #.#......#
......# ##........####..
......# #...............
......###.###.S.@.......
..........#.............
......#####.######......
......# ##.# ......
......# #..# .....
..[...# #.## .....
......# ##.# ....
......# #..# ##.#
####..###.##


You could see a water moccasin.

Vanquished Creatures
  Pikel (D:4)
  A lemure (D:4)
  A phantom (D:4)
  A kobold brigand (D:4)
  A scorpion (D:5)
  A jelly (D:5)
  4 orc priests (D:5)
  Ijyb (D:3)
  3 orc wizards
  An iguana (D:5)
  6 adders
  2 worms
  A dart slug (D:3)
  7 orcs
  5 ball pythons
  6 endoplasms
  3 giant cockroaches
  4 goblins (D:3)
  9 hobgoblins
  4 jackals (D:1)
  2 quokkas
  A bat (D:1)
  2 frilled lizards
  15 kobolds
  A rat (D:1)
83 creatures vanquished.

Notes
Turn   | Place    | Note
-------+----------+-------------------------------------------
     0 | D:1      | BreadTh the Merfolk Venom Mage began the quest for the Orb.
     0 | D:1      | Reached XP level 1. HP: 13/13 MP: 3/3
   116 | D:1      | Reached XP level 2. HP: 20/20 MP: 3/5
   536 | D:1      | Found a faded altar of an unknown god.
   643 | D:1      | Reached skill level 1 in Fighting
  1402 | D:2      | Reached XP level 3. HP: 20/26 MP: 3/6
  1405 | D:2      | Learned a level 2 spell: Poisonous Vapours
  1409 | D:2      | Learned a level 3 spell: Mephitic Cloud
  1642 | D:2      | Reached skill level 4 in Poison Magic
  1895 | D:3      | Reached XP level 4. HP: 31/32 MP: 5/7
  2055 | D:3      | Noticed Ijyb
  2124 | D:3      | Paralysed by Ijyb for 5 turns
  2131 | D:3      | Killed Ijyb
  2506 | D:3      | Found a snail-covered altar of Cheibriados.
  2506 | D:3      | Found an opulent altar of Gozag.
  2842 | D:3      | Found a shimmering blue altar of Sif Muna.
  2859 | D:3      | Reached XP level 5. HP: 34/38 MP: 0/9
  2874 | D:3      | Got Sif Muna's Folio of Moulding
  3160 | D:4      | Reached skill level 5 in Poison Magic
  3262 | D:4      | Noticed a phantom
  3369 | D:4      | Killed a phantom
  3370 | D:4      | Reached XP level 6. HP: 44/46 MP: 8/10
  3429 | D:4      | Learned a level 4 spell: Olgreb's Toxic Radiance
  3501 | D:4      | Found a staircase to the Ecumenical Temple.
  3517 | Temple   | Entered the Ecumenical Temple
  3753 | D:3      | Became a worshipper of Sif Muna the Loreminder
  3984 | D:4      | Noticed Pikel
  4200 | D:4      | Killed Pikel
  4201 | D:4      | Reached skill level 7 in Poison Magic
  4201 | D:4      | Reached XP level 7. HP: 52/52 MP: 4/13
  4822 | D:5      | Entered Level 5 of the Dungeon
  4844 | D:5      | Reached skill level 8 in Poison Magic
  4844 | D:5      | Reached XP level 8. HP: 58/58 MP: 7/14
  5582 | D:5      | Succumbed to a water moccasin's poison

Illustrated notes

Levels and vault maps discovered:
D:1:      reono_arrival_forest_river, layout_basic,
          shapermc_ecumenical_altar_mp_urbaneastern
D:2:      layout_basic, minmay_distorted
D:3:      layout_loops_corners, led_sif_book, gammafunk_temple_overflow_wave,
          nicolae_figureground_pulse, uniq_ijyb
D:4:      cheibrodos_thug_alley, layout_loops_ring, minmay_temple_entry_ruins,
          roderic_roman_lattice, grunt_decor_one_mirror, uniq_pikel
D:5:      layout_rooms
Temple:   regret_index_temple_waves

Skill      XL: |  1  2  3  4  5  6  7 |
---------------+----------------------+-----
Fighting       | 1 2 3 |  3.0
Dodging        | 3 |  3.0
Poison Magic   | 4 5 7 8 |  8.6
Stealth        | 3 |  3.0
Spellcasting   | 3 4 |  4.9
Transmutations | |  1.3

Action                     |  1- 3 |  4- 6 |  7- 9 || total
---------------------------+-------+-------+-------++-------
  Melee: Unarmed           |     6 |       |       ||     6
         Dagger            |    31 |    33 |    52 ||   116
         Flail             |       |     5 |       ||     5
   Cast: Sting             |    29 |    71 |    18 ||   118
         Poisonous Vapours |     2 |     5 |    12 ||    19
         Olgreb's Toxic Ra |       |       |     4 ||     4
   Stab: Sleeping          |       |     2 |       ||     2
 Armour: Robe              |     4 |    10 |     3 ||    17
  Dodge: Dodged            |    42 |    42 |    22 ||   106
